 Dungeon Crawl Stone Soup version 0.27-a0-1123-g2f9bb313c0 (webtiles) character file.

Game seed: 8097664157528969465

50 Anon1729 the Slasher (level 3, 0/49 HPs)
             Began as a Minotaur Monk on May 3, 2021.
             Was a Priest of Qazlal.
             Slain by an orc wizard
             ... wielding a +0 dagger
              (1 damage)
             ... on level 2 of the Dungeon.
             The game lasted 00:01:27 (1187 turns).

Anon1729 the Slasher (Minotaur Monk)                Turns: 1187, Time: 00:01:28

Health: 0/49       AC: 21    Str: 15 (16) XL:     3   Next: 55%
Magic:  2/2        EV:  2    Int:  6 (7)  God:    Qazlal [***...]
Gold:   74         SH:  4    Dex: 11 (12) Spells: 2/2 levels left

rFire    . . .     SeeInvis .   a - +0 falchion
rCold    . . .     Faith    .   (no shield)
rNeg     + + +     Spirit   .   (armour currently unavailable)
rPois    +         Reflect  .   (helmet currently unavailable)
rElec    .         Harm     .   (cloak currently unavailable)
rCorr    .         Rampage  .   (gloves currently unavailable)
Will     .....     NoTele   +   (boots currently unavailable)
Stlth    +.........             (no amulet)
HPRegen  0.16/turn              (no ring)
MPRegen  0.08/turn              (no ring)

@: brilliant, tree-form (expiring)
A: stationary, stasis, torment immunity, boosted hp, (horns 2), (retaliatory
headbutt)
a: Renounce Religion, Upheaval, Elemental Force


You were on level 2 of the Dungeon.
You worshipped Qazlal.
Qazlal was most pleased with you.
You were a tree.
You visited 1 branch of the dungeon, and saw 2 of its levels.

You collected 74 gold pieces.

Inventory:

Hand Weapons
 a - a +0 falchion (weapon)
Armour
 b - a +0 robe (melded)
Scrolls
 c - 3 scrolls of enchant armour {unknown}
 f - 2 scrolls of identify {unknown}
 h - a scroll of teleportation {unknown}
 i - a scroll of noise {unknown}
Potions
 e - 2 potions of lignification


   Skills:
 + Level 4.2 Fighting
 * Level 4.7 Long Blades
 + Level 3.8 Dodging
 - Level 1.5 Stealth


You had 2 spell levels left.
You didn't know any spells.
Your spell library was empty.

Dungeon Overview and Level Annotations

Branches:
Dungeon (2/15)

Altars:
Qazlal


Innate Abilities, Weirdness & Mutations

You are a tree.
Your roots penetrate the ground, keeping you stationary.
You cannot be teleported.
You are immune to unholy pain and torment.
Your maximum health is greatly increased.
Your equipment is partially melded.
((You have a pair of horns on your head.))
((You reflexively headbutt those who attack you in melee.))


Message History

You are too injured to fight recklessly!
You hit the orc wizard.
The orc wizard is severely wounded.
The orc wizard hits you with a +1 dagger of speed.
* * * LOW HITPOINT WARNING * * *
You barely miss the orc wizard. Your headbutt misses the orc wizard.
The orc wizard is heavily wounded.
The orc wizard hits you with a +1 dagger of speed.
* * * LOW HITPOINT WARNING * * *
The orc wizard points at itself and mumbles some strange words.
The orc wizard flickers and vanishes!
You closely miss something. Your headbutt misses something.
Something hits you but does no damage.
You miss something. You headbutt something.
The orc priest invokes the aid of Beogh against you.
An orc comes into view. It is wielding a +0 trident.
Something hits you.
* * * LOW HITPOINT WARNING * * *
You barely miss something. Something hits you but does no damage.
It was a potion of lignification.
You turn into a tree.
Your +0 robe melds into your body.
Your roots penetrate the ground.
It was a potion of brilliance.
You feel clever all of a sudden. Something hits you but does no damage.
It was a potion of degeneration.
There was something very wrong with that liquid.
You feel weakened.
You feel dopey.
You feel clumsy. Something hits you but does no damage.
The orc wizard points at itself and mumbles some strange words.
The orc wizard flickers and vanishes!
You barely miss something. Something hits you but does no damage.
You hit something.
Your transformation is almost over.
Something hits you.
* * * LOW HITPOINT WARNING * * *
You block something's attack.
You hit something but do no damage.
A magic dart appears from out of thin air!
The magic dart hits something.
Something hits you.
You die...

#.# #.....†...#
#.......# ####.#
#.†....# #.####..#
#####....# #......#
#.####..# ..†...##.#
#......# #..#....#
########## ####.##'##
##.#.#.##
#.......#####.#..>#
#...##.#........#####
########.#.########
..o{o{{♣.#.#
##########.# ..# ###


You could see an orc priest and an orc.

Vanquished Creatures
  A worm (D:2)
  2 dart slugs (D:2)
  3 endoplasms
  2 giant cockroaches
  4 hobgoblins
  7 jackals (D:1)
  4 kobolds
  2 quokkas
  7 ball pythons
  A bat (D:2)
  2 frilled lizards
  A goblin (D:1)
  5 rats
41 creatures vanquished.

Notes
Turn   | Place    | Note
-------+----------+-------------------------------------------
     0 | D:1      | Anon1729 the Minotaur Monk began the quest for the Orb.
     0 | D:1      | Reached XP level 1. HP: 19/19 MP: 0/0
   101 | D:1      | Reached XP level 2. HP: 14/27 MP: 1/1
   433 | D:1      | Found a faded altar of an unknown god.
   455 | D:1      | Became a worshipper of Qazlal Stormbringer
   455 | D:1      | Reached * piety under Qazlal
   455 | D:1      | Reached ** piety under Qazlal
   518 | D:1      | Reached *** piety under Qazlal
   731 | D:2      | Reached XP level 3. HP: 33/33 MP: 2/2
  1180 | D:2      | HP: 1/33 [something (2)]
  1186 | D:2      | HP: 1/49 [something (2)]
  1187 | D:2      | Slain by an orc wizard

Illustrated notes

Levels and vault maps discovered:
D:1:      psy_arrival_fountain, layout_rooms,
          shapermc_ecumenical_altar_notcrosses, solitary_fountain
D:2:      layout_basic

Skill      XL: |  1  2 |
---------------+-------+-----
Long Blades    | 4 |  4.7
Fighting       | 4 |  4.2
Dodging        | |  3.8
Stealth        | |  1.5

Action                   || total
-------------------------++-------
Melee: Falchion          ||    83
       Headbutt          ||    17
  Use: Potion            ||     3
Armor: Robe              ||     8
       Skin              ||     3
Dodge: Dodged            ||    47
Block: Other             ||     8
       Rpst.: Falchion   ||     6

Table legend: (Time is in decaauts)
 A = Elapsed time spent in this place.
 B = Non-inter-level travel time spent in this place.
 C = Inter-level travel time spent in this place.
 D = Time resting spent in this place.
 E = Time spent auto-exploring this place.
 F = Levels seen in this place.
 G = Mean time per level.
                   A        B        C        D        E       F      G
               +--------+--------+--------+--------+--------+-----+--------+
         Total |   1196 |   1164 |     32 |      0 |    962 |   2 |  598.0 |
       Dungeon |   1196 |   1164 |     32 |      0 |    962 |   2 |  598.0 |
               +--------+--------+--------+--------+--------+-----+--------+

Top non-repeatable levels by time:
     D:1: 723 daAuts
     D:2: 473 daAuts
